 Dungeon Crawl Stone Soup version 0.24-a0-451-g263dff2034 (webtiles) character file.

Game seed: 5539819739896483703

74193 Gargoyl the Cleaver (level 15, -6/125 HPs)
             Began as a Centaur Abyssal Knight on June 26, 2019.
             Was the Champion of Lugonu.
             Mangled by a harpy (18 damage)
             ... summoned by Kirke
             ... on level 13 of the Dungeon.
             The game lasted 00:43:49 (31282 turns).

Gargoyl the Cleaver (Centaur Abyssal Knight)       Turns: 31282, Time: 00:43:49

Health: -6/125     AC:  0    Str: 18      XL:     15   Next: 6%
Magic:  24/24      EV: 18    Int: 11      God:    Lugonu [******]
Gold:   2103       SH:  3    Dex: 11 (12) Spells: 14/14 levels left

rFire    . . .     SeeInvis .   (weapon currently unavailable)
rCold    . . .     Gourm    .   (shield currently unavailable)
rNeg     . . .     Faith    .   (armour currently unavailable)
rPois    .         Spirit   .   (helmet currently unavailable)
rElec    .         Reflect  +   (cloak currently unavailable)
rCorr    .         Harm     .   (gloves currently unavailable)
MR       +....                  (no barding)
Stlth    +.........             o - +3 amulet of reflection
HPRegen  0.30/turn              (ring currently unavailable)
MPRegen  0.19/turn              (ring currently unavailable)

@: pig-form, slowed, studying Unarmed Combat
A: small
a: Depart the Abyss, Bend Space, Banish, Corrupt, Enter the Abyss, Brand Weapon
With Distortion, Renounce Religion


You were on level 13 of the Dungeon.
You worshipped Lugonu.
Lugonu was exalted by your worship.
You were not hungry.
You were a filthy swine.
You visited 2 branches of the dungeon, and saw 20 of its levels.
You visited the Abyss 1 time.
You also visited: Ice Cave.

You collected 2103 gold pieces.

Inventory:

Hand Weapons
 h - the +4 hand axe of Ecyatage {flame, Str+4}
   (You found it in an ice cave)

   It has been specially enchanted to burn those struck by it, causing extra
   injury to most foes and up to half again as much damage against particularly
   susceptible opponents.
   Big, fiery blades are also staple armaments of hydra-hunters.
   It affects your strength (+4).
 l - the +3 broad axe "Niniar" (melded) {freeze, +Blink rN+++ Int-5 Dex+4}
   (You found it on level 5 of the Dungeon)

   It has been specially enchanted to freeze those struck by it, causing extra
   injury to most foes and up to half again as much damage against particularly
   susceptible opponents.
   It can also slow down cold-blooded creatures.
   It affects your intelligence (-5).
   It affects your dexterity (+4).
   It renders you almost immune to negative energy.
   It lets you blink.
 n - the +2 spear of Spontaneous Combustion {protect, rF+ MR+ Int+2}
   (You found it on level 5 of the Dungeon)

   It grants its wielder temporary protection when it strikes (+7 to AC).
   It affects your intelligence (+2).
   It protects you from fire.
   It affects your resistance to hostile enchantments.
 q - a +7 war axe of draining
Missiles
 m - 13 boomerangs (quivered)
Armour
 i - a +1 chain mail of fire resistance
 v - a +0 cloak (melded)
 w - a +3 shield (melded)
 y - the +6 scale mail of the Fisher (melded) {rElec rF+ rC+ Regen+}
   (You found it on level 2 of the Lair of Beasts)

   It protects you from fire.
   It protects you from cold.
   It insulates you from electricity.
   It increases your rate of regeneration.
 L - the +2 helmet of Kleptomania (melded) {*Slow rC+++}
   (You found it on level 9 of the Dungeon)

   It renders you almost immune to cold.
   It may slow you when you take damage.
Jewellery
 f - a ring of protection from fire (melded)
 j - an uncursed ring of ice
 o - a +3 amulet of reflection (around neck)
 A - a +4 ring of protection (melded)
Wands
 p - a wand of flame (79)
 s - a wand of paralysis (15)
 t - a wand of disintegration (20)
 x - a wand of digging (2)
 z - a wand of polymorph (15)
Scrolls
 a - 2 scrolls of remove curse
 u - 2 scrolls of identify
 B - 2 scrolls of fog
 F - a scroll of amnesia
 G - 6 scrolls of teleportation
 H - 2 scrolls of blinking
 J - 3 scrolls of magic mapping
Potions
 b - a potion of mutation {unknown}
 d - a potion of magic
 e - 5 potions of curing
 g - 4 potions of brilliance
 k - 3 potions of haste {unknown}
 r - 2 potions of heal wounds
 C - 2 potions of invisibility
 M - a potion of agility
Books
 E - a manual of Unarmed Combat
Comestibles
 c - 34 rations


   Skills:
 + Level 9.6 Fighting
 + Level 13.0 Axes
 + Level 0.5 Throwing
 * Level 9.5 Armour
 * Level 8.2 Dodging
 + Level 7.1 Shields
 * Level 12.1 Invocations
 + Level 0.4 Evocations


You had 14 spell levels left.
You didn't know any spells.
Your spell library contained the following spells:

 Spells                   Type           Power        Failure   Level  Hunger
 Summon Small Mammal      Summ           #...         34%         1    ##.....
 Call Imp                 Summ           #.......     47%         2    ###....
 Sublimation of Blood     Necr           #.........   47%         2    ###....
 Call Canine Familiar     Summ           #.......     71%         3    ####...
 Ignite Poison            Fire/Tmut/Pois #.......     71%         3    ####...
 Recall                   Summ/Tloc      N/A          71%         3    ####...
 Summon Guardian Golem    Hex/Summ       #.......     71%         3    ####...
 Animate Dead             Necr           N/A          98%         4    #####..
 Petrify                  Tmut/Erth      #.......     98%         4    #####..
 Summon Ice Beast         Ice/Summ       #.......     98%         4    #####..
 Summon Lightning Spire   Summ/Air       #.......     98%         4    #####..
 Alistair's Intoxication  Tmut/Pois      #.......     100%        5    ######.
 Borgnjor's Vile Clutch   Necr/Erth      #.........   100%        5    ######.
 Fireball                 Conj/Fire      #.........   100%        5    ######.
 Irradiate                Conj/Tmut      #.........   100%        5    ######.
 Bolt of Fire             Conj/Fire      #.........   100%        6    #######
 Death Channel            Necr           #.........   100%        6    #######
 Simulacrum               Ice/Necr       #.........   100%        6    #######
 Ring of Flames           Chrm/Fire      #.........   100%        7    #######
 Ignition                 Fire           #.........   100%        8    #######


Dungeon Overview and Level Annotations

Branches:
Dungeon (14/15)            Temple (0/1) D:4            Lair (6/6) D:11
 Shoals (0/4) Lair:4        Snake (0/4) Lair:2        Slime (0/5) Lair:5
    Orc (0/2) D:9
 Vaults: D:13-14

Altars:
Ashenzari
Cheibriados
Dithmenos
Elyvilon
Fedhas
Gozag
Makhleb
Nemelex Xobeh
Qazlal
Sif Muna
Trog
Uskayaw
Xom
Yredelemnul
The Shining One
Beogh

Shops:
D:11 (

Annotations:
D:7 2 runed translucent doors
D:13 Kirke


Innate Abilities, Weirdness & Mutations

((You have hooves in place of feet.))
((Armour fits poorly on your strangely shaped body.))
((You cover ground very quickly.))
((You have extremely tough skin. (AC +3)))


Message History

Something hits you. Space bends around you!
You blink.
The harpy screeches!
The harpy closely misses you. The harpy claws you! The harpy claws you. x2
* * * LOW HITPOINT WARNING * * *
You hear some strange, mumbled words.
Something tries to affect you, but you resist.
The harpy claws you.
* * * LOW HITPOINT WARNING * * *
The harpy misses you.
As you read the scroll of fear, it crumbles to dust.
You assume a fearsome visage.
The harpy looks frightened! x2
The harpy claws you!
* * * LOW HITPOINT WARNING * * *
The harpy claws you.
* * * LOW HITPOINT WARNING * * *
The harpy screeches!
The harpy claws you!!
You die...

.................#
#<....##########.##
##...## ##..H## ######
....##
##.....#########.....
##.##
#................#### ##.#
#######†....########### #
##.#####.....{.......# #
.....°##.#####.#H###.# #
##..°°...# #.#h# #.# #
####°#..#####.#.# #.# #
#☼#........#.# #.# #
#○...#######.# #.# ##
######°°°# #.# #.# #####.
.........#######.###.#
#(.)..
..####°..............#####
#(###. #.#
#..########.........# #.#
## #.# #..# #########(#
#.#


You could see 2 harpies.

Vanquished Creatures
  A frost giant (IceCv)
  Azrael (D:13)
  A fire dragon (Lair:1)
  Fannar (D:12)
  2 catoblepae
  7 hydras
  A centaur warrior (D:10)
  13 death yaks
  A tengu warrior (D:13)
  A deep troll shaman (Lair:6)
  Urug (D:10)
  An unseen horror (D:10)
  2 cyclopes
  2 ugly things
  A manticore (Lair:6)
  A merfolk siren (Lair:4)
  9 elephants (Lair:6)
  An ice statue (IceCv)
  Psyche (D:10)
  8 black mambas
  10 spiny frogs
  A gargoyle (D:12)
  6 komodo dragons
  7 rime drakes
  A tengu conjurer (D:13)
  16 polar bears
  2 hornets (D:12)
  A troll (D:8)
  4 slime creatures (D:13)
  3 meliai (D:13)
  18 blink frogs (Lair:6)
  10 hippogriffs
  6 dream sheep (Lair:6)
  2 shadows
  2 wyverns
  2 wraiths
  5 fire elementals (D:13)
  48 yaks
  Grum (D:9)
  A human (D:6)
  7 hogs
  A hungry ghost (D:12)
  A steam dragon (D:10)
  Edmund (D:5)
  A soldier ant (D:12)
  Duvessa (D:7)
  3 hell hounds (D:13)
  11 porcupines
  16 water moccasins
  10 orc warriors
  3 sky beasts
  5 ice beasts
  A black bear (D:8)
  2 phantoms
  6 ogres
  38 wolves
  2 eyes of draining
  15 centaurs
  12 crocodiles
  2 big kobolds
  16 bullfrogs
  Dowan (D:7)
  A wyvern skeleton (D:12)
  A scorpion (D:10)
  15 killer bees
  4 wights
  4 howler monkeys
  10 crimson imps
  2 bullfrog zombies
  3 quasits
  8 orc priests
  5 hounds
  Crazy Yiuf (D:5)
  3 bullfrog skeletons
  2 centaur skeletons
  3 centaur zombies
  5 jellies
  6 iguanas
  Ijyb (D:3)
  12 orc wizards
  9 worker ants
  A hound zombie (D:7)
  A hound skeleton (D:9)
  4 worker ant zombies
  A howler monkey zombie (D:5)
  3 gnolls (D:2)
  20 adders
  3 shadow imps
  An adder zombie (D:9)
  An adder skeleton (D:4)
  3 worms
  2 dart slugs (D:1)
  An adder simulacrum (D:10)
  A leopard gecko (D:8)
  64 orcs
  4 ball pythons
  7 giant cockroaches
  15 goblins
  7 hobgoblins
  9 jackals
  3 quokkas
  7 bats
  2 frilled lizards
  16 kobolds
  A leopard gecko skeleton (D:5)
  A leopard gecko zombie (D:6)
  9 rats
  A bush (Lair:6)
  3 fungi
  A plant (Lair:6)
644 creatures vanquished.

Vanquished Creatures (others)
  An unseen horror (D:10)
  3 polar bears (IceCv)
  A steam dragon (D:9)
  A wyvern (D:13)
  An orc warrior (D:7)
  3 wolves
  A centaur (D:10)
  An orc wizard (D:6)
  An orc (D:10)
  A bush (Lair:6)
  8 fungi
  5 plants
27 creatures vanquished.

Grand Total: 671 creatures vanquished

Notes
Turn   | Place    | Note
-------+----------+-------------------------------------------
     0 | Abyss:1  | Gargoyl the Centaur Abyssal Knight began the quest for the
                  | Orb.
     0 | Abyss:1  | Reached XP level 1. HP: 19/19 MP: 2/2
    53 | Abyss:1  | Noticed a small abomination
    69 | Abyss:2  | Found a shattered altar of Ashenzari.
   114 | Abyss:2  | Noticed a bone dragon
   170 | Abyss:2  | Noticed a hellwing
   207 | Abyss:2  | Noticed a thrashing horror
   214 | D:1      | Escaped the Abyss
   296 | D:1      | Reached * piety under Lugonu
   299 | D:1      | Reached XP level 2. HP: 13/26 MP: 3/3
   478 | D:1      | Reached skill level 1 in Dodging
   561 | D:1      | Reached skill level 2 in Axes
   944 | D:2      | Reached XP level 3. HP: 29/31 MP: 4/4
  1142 | D:2      | Found a bloodstained altar of Trog.
  1361 | D:2      | Reached XP level 4. HP: 29/39 MP: 5/5
  1654 | D:3      | Reached ** piety under Lugonu
  1730 | D:3      | Reached XP level 5. HP: 38/46 MP: 7/7
  2216 | D:3      | Noticed Ijyb
  2229 | D:3      | Paralysed by Ijyb for 5 turns
  2242 | D:3      | Killed Ijyb
  2313 | D:3      | Reached skill level 3 in Axes
  2719 | D:4      | Reached XP level 6. HP: 52/52 MP: 8/8
  3233 | D:4      | Found a staircase to the Ecumenical Temple.
  3427 | D:4      | Found a deep blue altar of Sif Muna.
  3686 | D:5      | Entered Level 5 of the Dungeon
  3897 | D:5      | Got an iridescent broad axe
  3898 | D:5      | Identified the cursed +3 broad axe "Niniar" {freeze, +Blink
                  | rN+++ Int-5 Dex+4} (You found it on level 5 of the Dungeon)
  3962 | D:5      | Got an iridescent spear
  4111 | D:5      | Noticed Edmund
  4119 | D:5      | Killed Edmund
  4119 | D:5      | Reached XP level 7. HP: 50/59 MP: 9/9
  4179 | D:5      | Found a runed translucent door.
  4180 | D:5      | Noticed Crazy Yiuf
  4333 | D:5      | Reached skill level 4 in Axes
  4387 | D:5      | Reached *** piety under Lugonu
  4586 | D:5      | Found a blossoming altar of Fedhas.
  4886 | D:5      | Killed Crazy Yiuf
  5001 | D:6      | Found a shimmering altar of Xom.
  5419 | D:6      | Reached XP level 8. HP: 56/66 MP: 11/11
  5553 | D:6      | Reached skill level 5 in Axes
  5642 | D:6      | Reached skill level 5 in Invocations
  6255 | D:7      | Found a large runed translucent door.
  6256 | D:7      | Found a large runed translucent door.
  6314 | D:7      | Found a large runed translucent door.
  6314 | D:7      | Found a large runed translucent door.
  6456 | D:7      | Reached skill level 1 in Shields
  6505 | D:7      | Found a sparkling altar of Nemelex Xobeh.
  6511 | D:7      | Noticed a hippogriff
  6513 | D:7      | Found a stormy altar of Qazlal.
  6521 | D:7      | Killed a hippogriff
  6521 | D:7      | Reached skill level 6 in Axes
  6673 | D:7      | Noticed Duvessa
  6685 | D:7      | Killed Duvessa
  6685 | D:7      | Reached XP level 9. HP: 70/73 MP: 13/13
  6687 | D:7      | Noticed Dowan
  6694 | D:7      | Killed Dowan
  6930 | D:7      | Reached skill level 5 in Fighting
  7173 | D:7      | HP: 3/74 [ogre/+0 giant club (13)]
  8129 | D:6      | Reached skill level 7 in Axes
  8132 | D:6      | Reached skill level 5 in Armour
  8396 | D:7      | Identified the +2 spear of Spontaneous Combustion {protect,
                  | rF+ MR+ Int+2} (You found it on level 5 of the Dungeon)
  8448 | D:7      | Reached **** piety under Lugonu
  8942 | D:8      | Reached XP level 10. HP: 73/83 MP: 13/15
  9854 | D:8      | Found an opulent altar of Gozag.
 10034 | D:9      | Reached skill level 8 in Axes
 10565 | D:9      | Noticed Grum
 10577 | D:9      | Killed Grum
 10963 | D:9      | Found a burning altar of Makhleb.
 10964 | D:9      | Found a hide-covered altar of Uskayaw.
 10966 | D:9      | Found a snail-covered altar of Cheibriados.
 10966 | D:9      | Found a shadowy altar of Dithmenos.
 10974 | D:9      | Found a blossoming altar of Fedhas.
 10974 | D:9      | Found a shattered altar of Ashenzari.
 11149 | D:9      | Found a basalt altar of Yredelemnul.
 11205 | D:9      | Found a glowing golden altar of the Shining One.
 11273 | D:9      | Got a translucent helmet
 11279 | D:9      | Identified the +2 helmet of Kleptomania {*Slow rC+++} (You
                  | found it on level 9 of the Dungeon)
 11334 | D:9      | Found a roughly hewn altar of Beogh.
 11334 | D:9      | Found a staircase to the Orcish Mines.
 11513 | D:9      | Reached ***** piety under Lugonu
 11790 | D:10     | Entered Level 10 of the Dungeon
 11808 | D:9      | Reached skill level 5 in Dodging
 12448 | D:10     | Reached XP level 11. HP: 80/91 MP: 16/16
 12710 | D:10     | Noticed Urug
 12940 | D:10     | Noticed Psyche
 12955 | D:10     | Paralysed by Psyche for 2 turns
 12966 | D:10     | Killed Psyche
 12966 | D:10     | Reached skill level 9 in Axes
 13810 | D:10     | Killed an unseen horror
 14030 | D:10     | Noticed a centaur warrior
 14040 | D:10     | Noticed an eight-headed hydra
 14396 | D:10     | Banished an unseen horror
 14400 | D:10     | Killed a centaur warrior
 14780 | D:10     | Killed Urug
 15077 | D:10     | Banished a nine-headed hydra
 15964 | D:11     | Noticed a cyan ugly thing
 15973 | D:11     | Killed a cyan ugly thing
 16194 | D:11     | Found Eluenoll's Weapon Emporium.
 16228 | D:11     | Found a bloodstained altar of Trog.
 16291 | D:11     | Found a staircase to the Lair.
 16586 | D:11     | Got an iridescent falchion
 16898 | Lair:1   | Entered Level 1 of the Lair of Beasts
 17004 | Lair:1   | Reached skill level 10 in Axes
 17004 | Lair:1   | Reached XP level 12. HP: 42/100 MP: 18/18
 17231 | Lair:1   | Noticed a seven-headed hydra
 17249 | Lair:1   | Noticed a fire dragon
 17249 | Lair:1   | a seven-headed hydra changed into a fire dragon
 17261 | Lair:1   | Killed a fire dragon
 17508 | Lair:1   | Identified the +10 falchion of Resourcefulness {slice,
                  | +Inv} (You found it on level 11 of the Dungeon)
 18608 | Lair:2   | Found a frozen archway.
 18680 | IceCv    | Entered an ice cave
 19477 | IceCv    | Got a blackened hand axe
 19478 | IceCv    | Identified the +4 hand axe of Ecyatage {flame, Str+4} (You
                  | found it in an ice cave)
 19820 | IceCv    | Reached skill level 10 in Invocations
 19894 | IceCv    | Reached ****** piety under Lugonu
 19950 | IceCv    | Reached skill level 11 in Axes
 20231 | IceCv    | Noticed a frost giant
 20231 | IceCv    | Noticed a death yak
 20257 | IceCv    | HP: 4/101 [death yak (20)]
 20264 | IceCv    | Killed a death yak
 20871 | IceCv    | Killed a frost giant
 20871 | IceCv    | Reached skill level 5 in Shields
 20871 | IceCv    | Reached XP level 13. HP: 51/107 MP: 20/20
 21390 | Lair:2   | Found a staircase to the Snake Pit.
 21502 | Lair:2   | Got a crude scale mail
 24069 | Lair:4   | Found a staircase to the Shoals.
 24764 | Lair:5   | Identified the +6 scale mail of the Fisher {rElec rF+ rC+
                  | Regen+} (You found it on level 2 of the Lair of Beasts)
 25076 | Lair:5   | Found a staircase to the Slime Pits.
 25407 | Lair:5   | Reached skill level 12 in Axes
 25461 | Lair:6   | Entered Level 6 of the Lair of Beasts
 25667 | Lair:5   | Reached XP level 14. HP: 38/116 MP: 22/22
 27961 | D:7      | Got a transparent crystal plate armour
 27972 | D:7      | Identified the +5 crystal plate armour of Compression {rC-
                  | rN+ rCorr Int+8} (You found it on level 7 of the Dungeon)
 28525 | D:12     | Noticed Fannar
 28544 | D:12     | Killed Fannar
 29976 | D:13     | Noticed Azrael
 29988 | D:13     | Killed Azrael
 29999 | D:13     | Reached skill level 13 in Axes
 29999 | D:13     | Reached XP level 15. HP: 46/125 MP: 24/24
 30198 | D:13     | Found a white marble altar of Elyvilon.
 30978 | D:14     | Noticed Kirke
 31282 | D:13     | Mangled by a harpy

Levels and vault maps discovered:
D:1:      giann_wishing_wells, layout_rooms
D:2:      layout_rooms, nicolae_overflow_crystal_walls, minmay_pentomino_p2
D:3:      layout_loops_ring, first_ration, uniq_ijyb
D:4:      layout_cave_pods, lemuel_coloured_pillars_altar, temple_pool_b,
          minmay_between
D:5:      layout_basic, serial_bayou, serial_bayou_shore_a, serial_bayou_pond_c,
          serial_bayou_lagoon_a, serial_bayou_pond_b, fedhas_altar_1,
          uniq_edmund, uniq_crazy_yiuf_cottage
D:6:      layout_basic, xom_teletrap_fun
D:7:      layout_gridville, minitemple, grunt_livestock,
          minmay_hollow_rounded_squares, uniq_duvessa
D:8:      layout_loops_corners, marbit_many_paths
D:9:      layout_gridville, tso_oasis_becter, grunt_temple_overflow_open,
          david_orc_5, basic_altar, uniq_grum
D:10:     hangedman_cross_cluster, layout_long_grid, uniq_psyche, uniq_urug
D:11:     layout_roguey, lair_entry_dummy, basic_altar, serial_shops, shop
D:12:     layout_layer_cave, uniq_fannar
D:13:     layout_loops_ring, basic_altar, hangedman_glass_teeth,
          lemuel_nasty_fountain, uniq_azrael
D:14:     layout_basic, grunt_vaults_entry_fortified, serial_shops,
          kennysheep_mini_moat, uniq_kirke
Lair:1:   layout_chaotic_city, grunt_megastairs_4, lemuel_fruit_tree
Lair:2:   layout_roguey, dummy_snake_entry, portal_ice_cave_rime,
          cheibrodos_lair_lostbears, grunt_megastairs_5
Lair:3:   layout_roguey
Lair:4:   layout_gridlike, minmay_shoals_entry_lonely_mermaid,
          lemuel_fruit_fields
Lair:5:   layout_regular_city, slime_dummy, chequers_serial_rivers_room_a
Lair:6:   grunt_lair_end_beastmaster, layout_long_grid, enter_volcano_2,
          hangedman_lair_generics_rect

Skill      XL: |  1  2  3  4  5  6  7  8  9 10 11 12 13 14 |
---------------+-------------------------------------------+-----
Dodging        | 1 2 3 4 5 6 7 8 |  8.2
Axes           | 2 3 4 6 7 8 10 11 12 13 | 13.0
Armour         | 2 3 4 5 6 7 8 9 |  9.5
Invocations    | 3 4 5 6 7 9 10 11 12 | 12.1
Fighting       | 4 5 6 7 8 9 |  9.6
Shields        | 1 2 3 5 7 |  7.1
Throwing       | |  0.5
Evocations     | |  0.4

Action                   |  1- 3 |  4- 6 |  7- 9 | 10-12 | 13-15 || total
-------------------------+-------+-------+-------+-------+-------++-------
Melee: Hand axe          |    79 |    89 |       |    79 |    47 ||   294
       Kick              |    14 |    34 |    70 |   266 |   326 ||   710
       War axe           |       |    56 |       |       |       ||    56
       Broad axe         |       |    16 |   274 |   721 |   922 ||  1933
       Unarmed           |       |       |       |       |     7 ||     7
Throw: Boomerang         |       |       |       |     3 |    16 ||    19
Invok: Depart the Abyss  |     1 |       |       |       |       ||     1
       Bend Space        |       |       |     2 |       |     1 ||     3
       Banish            |       |       |     1 |     5 |       ||     6
Evoke: Wand              |       |       |       |     7 |     1 ||     8
  Use: Scroll            |     2 |    11 |    12 |    18 |     7 ||    50
       Potion            |     1 |       |     3 |     8 |       ||    12
 Stab: Invisible         |       |       |       |     2 |       ||     2
       Petrified         |       |       |       |       |     5 ||     5
  Eat: Chunk             |       |     5 |     7 |    21 |    12 ||    45
       Ration            |       |     1 |     2 |     5 |     6 ||    14
Armor: Ring mail         |    61 |    89 |   128 |   494 |       ||   772
       Plate armour      |       |       |       |       |   210 ||   210
       Scale mail        |       |       |       |       |   264 ||   264
Dodge: Dodged            |    50 |    72 |   109 |   364 |   320 ||   915
Block: Buckler           |       |    10 |    99 |    16 |       ||   125
       Reflection        |       |       |     2 |    23 |     7 ||    32
       Shield            |       |       |       |   642 |   864 ||  1506
       Other             |       |       |       |       |     2 ||     2

Table legend:
 A = Non-vault XP
 B = Vault XP
 C = Vault XP percentage of total XP
 D = Non-vault monster count
 E = Vault monster count
 F = Vault count percentage of total count
                 A         B        C        D         E       F
            +---------+---------+-------+---------+---------+-------
      Total |   63001 |   42989 |  40.6 |     467 |     182 |  28.0
            +---------+---------+-------+---------+---------+-------
        D:1 |      40 |       0 |   0.0 |      20 |       0 |   0.0
        D:2 |     102 |       0 |   0.0 |      22 |       0 |   0.0
        D:3 |     173 |      35 |  16.8 |      36 |       1 |   2.7
        D:4 |      74 |      34 |  31.5 |       4 |       2 |  33.3
        D:5 |     333 |     302 |  47.6 |      13 |       6 |  31.6
        D:6 |     846 |     599 |  41.5 |      29 |       3 |   9.4
        D:7 |    1238 |    1466 |  54.2 |      24 |      14 |  36.8
        D:8 |    1883 |     128 |   6.4 |      27 |       1 |   3.6
        D:9 |    2148 |    1260 |  37.0 |      35 |      29 |  45.3
       D:10 |    1077 |    5873 |  84.5 |      19 |      24 |  55.8
       D:11 |    2626 |       0 |   0.0 |      30 |       0 |   0.0
       D:12 |    4757 |     997 |  17.3 |      31 |       1 |   3.1
       D:13 |    4487 |    3061 |  40.6 |      21 |      11 |  34.4
       D:14 |     463 |     398 |  46.2 |       7 |       2 |  22.2
     Lair:1 |    5110 |     298 |   5.5 |      23 |       2 |   8.0
     Lair:2 |    2324 |    2053 |  46.9 |      14 |       7 |  33.3
     Lair:3 |   11216 |       0 |   0.0 |      26 |       0 |   0.0
     Lair:4 |    4446 |     490 |   9.9 |      20 |       1 |   4.8
     Lair:5 |    3953 |    2581 |  39.5 |      17 |       3 |  15.0
     Lair:6 |   15705 |   11194 |  41.6 |      49 |      24 |  32.9
      IceCv |       0 |   12220 | 100.0 |       0 |      51 | 100.0
            +---------+---------+-------+---------+---------+-------
